 Dungeon Crawl Stone Soup version 0.20-b1-2-gc5a9893 (webtiles) character file.

841 Gorglomux the Slicer (level 8, -2/54 HPs)
             Began as a Halfling Conjurer on May 21, 2017.
             Slain by an ice beast (14 damage)
             ... on level 4 of the Dungeon.
             The game lasted 00:13:57 (6587 turns).

Gorglomux the Slicer (Halfling Conjurer)            Turns: 6587, Time: 00:13:58

Health: -2/54      AC:  5    Str: 11    XL:     8   Next: 19%
Magic:  5/10       EV: 14    Int: 13    God:
Gold:   181        SH:  0    Dex: 15    Spells: 7/10 levels left

rFire    . . .     SeeInvis .   a - +0 short sword
rCold    . . .     Gourm    .   (shield restricted)
rNeg     . . .     Faith    .   e - +0 robe
rPois    .         Spirit   .   r - +0 helmet
rElec    .         Reflect  .   g - +0 cloak
rCorr    .         Harm     .   v - +0 pair of gloves
MR       .....                  (no boots)
Stlth    ++........             (no amulet)
Regen    0.2/turn               (no ring)
MPRegen  0.2/turn               (no ring)

@: drained
A: mutation resistance 1
a: no special abilities


You were on level 4 of the Dungeon.
You were not hungry.

You visited 1 branch of the dungeon, and saw 5 of its levels.

You collected 181 gold pieces.

Inventory:

Hand Weapons
 a - a +0 short sword (weapon)
   (You took it off a kobold on level 1 of the Dungeon)
 b - a +0 shortbow
   (You took it off a centaur on level 5 of the Dungeon)
Missiles
 h - 141 stones (quivered)
 k - 41 sling bullets
 A - 25 arrows
Armour
 e - a +0 robe (worn)
 g - a +0 cloak (worn)
   (You found it on level 1 of the Dungeon)
 r - a +0 helmet (worn)
   (You found it on level 3 of the Dungeon)
 v - a +0 pair of gloves (worn)
   (You found it on level 3 of the Dungeon)
Scrolls
 c - a scroll of identify
 l - a scroll of fear {unknown}
 s - a scroll of enchant weapon {unknown}
 y - a scroll of amnesia {unknown}
Potions
 i - a potion of flight
 j - a potion of curing
 m - a potion of ambrosia {unknown}
 t - a potion of might
 x - 2 potions of brilliance
 z - a potion of agility {unknown}
 C - 2 potions of heal wounds
Books
 w - a book of Conjurations
Comestibles
 o - 2 meat rations {@e2}
 p - a bread ration {@e1}


   Skills:
 + Level 4.4(3.6) Fighting
 * Level 8.3(7.4) Short Blades
 - Level 2.1(1.4) Dodging
 - Level 2.1(1.4) Stealth
 - Level 1.5(0.8) Spellcasting
 - Level 3.2(2.5) Conjurations


You had 7 spell levels left.
You knew the following spells:

 Your Spells              Type           Power        Failure   Level  Hunger
a - Magic Dart            Conj           #...         11%         1    ##.....
b - Searing Ray           Conj           #.....       16%         2    ###....


Dungeon Overview and Level Annotations

Branches:
Dungeon (5/15)
 Temple: D:4-7

Altars:
Makhleb
Nemelex Xobeh

Annotations:
D:3 appiemonkey's ghost, amateur GrFi
D:5 appiemonkey's ghost, novice GrFi


Innate Abilities, Weirdness & Mutations

You are small and have problems with some larger weapons.
You are somewhat resistant to further mutation.


Message History

It was a scroll of immolation.
Unknown command.
As you read the scroll labeled EXUCKI DAWN, it crumbles to dust.
The scroll dissolves into smoke.
It was a scroll of fog.
Unknown command.
As you read the scroll labeled LUFETE VAAGI, it crumbles to dust.
You feel as if something is helping you.
It was a scroll of remove curse.
Unknown command.
Drop what? 24/52 slots (_ for help) (? for menu, Esc to quit)
You remove your ring of loudness {Stlth-}.
You drop an uncursed ring of loudness {Stlth-}.
As you read the scroll of identify, it crumbles to dust.
t - a potion of might
As you read the scroll of identify, it crumbles to dust.
i - a potion of flight Your magical contamination has completely faded away.
As you read the scroll of identify, it crumbles to dust.
C - 2 potions of heal wounds You open the door.
A frilled lizard and a zombie come into view.
There is an open door here.
Things that are here:
an uncursed ring of loudness {Stlth-}; an uncursed ring of ice {rC+, rF-}
Aim: a bullfrog zombie The searing ray hits the bullfrog zombie. (Press . to maintain the ray.)
You are starving!
The bullfrog zombie misses you. The bullfrog zombie hits you.
The searing ray misses the bullfrog zombie.
You finish channeling your searing ray.
The bullfrog zombie barely misses you.
You are too hungry to fight recklessly!
You eat one of the 3 meat rations {@e2}.
That meat ration really hit the spot!
The bullfrog zombie hits you. The bullfrog zombie barely misses you.
Aim: a bullfrog zombie (lightly damaged)
You miscast Searing Ray.
You are very lightly contaminated with residual magic.
The air around you crackles with energy!
The bullfrog zombie misses you.
You hit the bullfrog zombie.
The bullfrog zombie hits you but does no damage.
You hit the bullfrog zombie. The bullfrog zombie hits you.
You hit the bullfrog zombie. The bullfrog zombie hits you.
You hit the bullfrog zombie. The bullfrog zombie hits you.
You puncture the bullfrog zombie! The bullfrog zombie barely misses you.
You hit the bullfrog zombie but do no damage.
The bullfrog zombie misses you.
You hit the bullfrog zombie. The bullfrog zombie hits you.
You hit the bullfrog zombie.
The bullfrog zombie completely misses you.
You hit the bullfrog zombie.
You destroy the bullfrog zombie!
There is an open door here.
An ice beast comes into view.
Aim: a frilled lizard (resting)
The magic dart hits the frilled lizard.
The frilled lizard hisses angrily.
There is an open door here.
Things that are here:
an uncursed ring of loudness {Stlth-}; an uncursed ring of ice {rC+, rF-} You close the door.
You start resting.
Your magical contamination has completely faded away.
The ice beast barely misses you.
There is a stone staircase leading up here.
Aim: an ice beast The searing ray hits the ice beast. (Press . to maintain the ray.)
The searing ray hits the ice beast.
The ice beast hits you. The ice beast freezes you!
The searing ray hits the ice beast.
The ice beast barely misses you.
The searing ray hits the ice beast.
You finish channeling your searing ray.
The ice beast misses you. The ice beast hits you. The ice beast freezes you!
* * * LOW HITPOINT WARNING * * *
You climb upwards.
There is a stone staircase leading down here.
The ice beast hits you but does no damage.
The ice beast hits you.
* * * LOW HITPOINT WARNING * * *
The ice beast freezes you!
* * * LOW HITPOINT WARNING * * *
A hobgoblin comes into view. It is wielding a club.
The hobgoblin moves out of view.
The ice beast closely misses you.
Aim: an ice beast (moderately wounded)
The searing ray hits the ice beast. (Press . to maintain the ray.)
The ice beast hits you but does no damage.
The searing ray hits the ice beast.
The ice beast closely misses you.
The searing ray misses the ice beast.
The searing ray misses the hobgoblin.
The ice beast hits you but does no damage.
The searing ray hits the ice beast.
The searing ray hits the hobgoblin.
You kill the hobgoblin!
You finish channeling your searing ray.
The ice beast hits you.
* * * LOW HITPOINT WARNING * * *
The ice beast freezes you!
You die...

# ##.#.g......# #..###.
#.#####.##.##########.....
#.#####...........#>......
##.......##..##.##.#.##.###
##..<####.##..##.##.#.##.### ##
##.....###g##..##.##.#.##..##
#2###.......##.##......#.#.###.#.
####.........#.##...#..#.#.###...
#..'......[..+)Y@................
####.........#.##........#.......
.# ##.......##.........#######.#.
.# ###.....#######.....# #.## ##
#........# #.##### #.# #.###+##.#
#.# #.## #.###.##.######.# #..#
#.##............# ##.. ##
#.##..##.######## #..


You could see an ice beast.

Vanquished Creatures
  An ice beast (D:4)
  An ogre (D:4)
  A phantom (D:4)
  A centaur (D:5)
  2 scorpions (D:4)
  A howler monkey (D:4)
  A bullfrog zombie (D:5)
  An orc priest (D:3)
  A hound (D:4)
  2 orc wizards (D:3)
  Natasha (D:2)
  A worker ant (D:4)
  A hound skeleton (D:4)
  7 adders
  4 worms
  2 dart slugs
  4 leopard geckos
  12 orcs
  3 ball pythons
  2 bats (D:2)
  5 giant cockroaches
  5 hobgoblins
  3 quokkas
  3 frilled lizards (D:2)
  6 goblins
  7 kobolds
  A leopard gecko skeleton (D:4)
  5 rats
84 creatures vanquished.

Vanquished Creatures (others)
  An orc (D:3)
1 creature vanquished.

Grand Total: 85 creatures vanquished

Notes
Turn   | Place    | Note
-------+----------+-------------------------------------------
     0 | D:1      | Gorglomux the Halfling Conjurer began the quest for the Orb.
     0 | D:1      | Reached XP level 1. HP: 11/11 MP: 3/3
    98 | D:1      | Reached skill level 1 in Fighting
   190 | D:1      | Reached XP level 2. HP: 18/18 MP: 0/4
   240 | D:1      | Learned a level 2 spell: Searing Ray
   445 | D:1      | Reached skill level 1 in Short Blades
   851 | D:1      | Reached XP level 3. HP: 23/23 MP: 1/5
  1136 | D:1      | Reached skill level 2 in Short Blades
  1721 | D:2      | Reached XP level 4. HP: 29/29 MP: 1/6
  1826 | D:2      | Reached skill level 3 in Short Blades
  2115 | D:2      | Reached skill level 2 in Fighting
  2434 | D:2      | Noticed Natasha
  2438 | D:2      | Killed Natasha
  2438 | D:2      | Reached XP level 5. HP: 26/34 MP: 2/7
  2590 | D:3      | Reached skill level 4 in Short Blades
  3156 | D:3      | Found a burning altar of Makhleb.
  3309 | D:3      | Noticed appiemonkey's ghost (amateur GrFi)
  3492 | D:3      | Reached XP level 6. HP: 40/41 MP: 3/8
  3609 | D:3      | Reached skill level 5 in Short Blades
  4015 | D:4      | Reached skill level 3 in Fighting
  4031 | D:4      | Noticed a phantom
  4041 | D:4      | HP: 5/42 [phantom (6)]
  4300 | D:4      | Reached skill level 6 in Short Blades
  4300 | D:4      | Reached XP level 7. HP: 31/46 MP: 0/9
  4866 | D:4      | Found a sparkling altar of Nemelex Xobeh.
  5348 | D:4      | Found a burning altar of Makhleb.
  5348 | D:4      | Noticed a green death
  5522 | D:4      | Reached skill level 7 in Short Blades
  5652 | D:4      | Reached skill level 4 in Fighting
  5972 | D:5      | Entered Level 5 of the Dungeon
  5991 | D:5      | Reached XP level 8. HP: 18/54 MP: 5/10
  6074 | D:5      | Noticed appiemonkey's ghost (novice GrFi)
  6293 | D:4      | Reached skill level 8 in Short Blades
  6510 | D:5      | HP: 13/54 [ice beast (12)]
  6518 | D:4      | HP: 12/54 [ice beast (3)]
  6518 | D:4      | HP: 5/54 [ice beast (7)]
  6587 | D:4      | HP: 12/54 [ice beast (5)]
  6587 | D:4      | Slain by an ice beast

Skill      XL: |  1  2  3  4  5  6  7  8 |
---------------+-------------------------+-----
Fighting       | 1 2 3 4 |  4.4
Short Blades   | 1 2 3 4 6 7 8 |  8.3
Dodging        | |  2.1
Stealth        | |  2.1
Spellcasting   | |  1.5
Conjurations   | |  3.2

Action                   |  1- 3 |  4- 6 |  7- 9 || total
-------------------------+-------+-------+-------++-------
Melee: Unarmed           |     3 |       |       ||     3
       Short sword       |    15 |    82 |   121 ||   218
Throw: Stone             |     2 |     9 |     7 ||    18
 Cast: Magic Dart        |    29 |    54 |    63 ||   146
       Searing Ray       |     7 |    13 |    11 ||    31
  Use: Potion            |       |     1 |       ||     1
       Scroll            |       |       |     9 ||     9
 Stab: Sleeping          |       |     1 |       ||     1
  Eat: Bread ration      |     1 |       |       ||     1
       Chunk             |       |     9 |     8 ||    17
       Meat ration       |       |       |     1 ||     1
       Fruit             |       |       |     1 ||     1
Armor: Robe              |     2 |    16 |    22 ||    40
Dodge: Dodged            |    21 |    67 |   102 ||   190

Vault maps used:
D:1:      dpeg_arrival_prison
D:2:      uniq_natasha
D:3:      nicolae_overflow_hidden_temple, first_bread
D:4:      lemuel_doored_altar, makhleb_altar_promises_db

Table legend:
 A = Turns spent in this place as a percentage of turns spent in the entire game.
 B = Non-inter-level travel turns spent in this place as a percentage of non-inter-level travel turns spent in the entire game.
 C = Inter-level travel turns spent in this place as a percentage of turns spent in this place.
 D = Turns resting spent in this place as a percentage of non-inter-level travel turns spent in this place.
 E = Turns spent auto-exploring this place as a percentage of non-inter-level travel turns spent in this place.
 F = Non-inter-level travel turns spent in this place divided by the number of levels of this place that you've seen.
                   A       B       C       D       E      F
               +-------+-------+-------+-------+-------+----------------------
         Total | 100.0 | 100.0 |   0.8 |   8.6 |   8.2 | 305.8
       Dungeon | 100.0 | 100.0 |   0.8 |   8.6 |   8.2 | 305.8
               +-------+-------+-------+-------+-------+----------------------

Table legend:
 A = Kills in this place as a percentage of kills in entire the game.
 B = Kills by you in this place as a percentage of kills by you in the entire game.
 C = Kills by friends in this place as a percentage of kills by friends in the entire game.
 D = Other kills in this place as a percentage of other kills in the entire game.
 E = Experience gained in this place as a percentage of experience gained in the entire game.
 F = Experience gained in this place divided by the number of levels of this place that you have seen.
                   A       B       C       D       E      F
               +-------+-------+-------+-------+-------+----------------------
         Total | 100.0 | 100.0 |  -nan |  -nan | 100.0 | 240.4
       Dungeon | 100.0 | 100.0 |  -nan |  -nan | 100.0 | 240.4
               +-------+-------+-------+-------+-------+----------------------
